 Dungeon Crawl Stone Soup version 0.27.1 (webtiles) character file.

Game seed: 6978520117416698171

435 pkoi the Ruffian (level 6, -2/59 HPs)
             Began as a Troll Fighter on Aug 25, 2021.
             Slain by a killer bee (4 damage)
             ... on level 4 of the Dungeon.
             The game lasted 00:03:28 (1943 turns).

pkoi the Ruffian (Troll Fighter)                    Turns: 1943, Time: 00:03:29

Health: -2/59      AC:  4    Str: 26    XL:     6   Next: 68%
Magic:  5/5        EV:  7    Int:  5    God:
Gold:   180        SH: 13    Dex:  9    Spells: 5/5 levels left

rFire    . . .     SeeInvis .     - Unarmed
rCold    . . .     Faith    .   b - +0 kite shield
rNeg     . . .     Spirit   .   a - +0 robe
rPois    .         Reflect  +   (helmet restricted)
rElec    .         Harm     .   (no cloak)
rCorr    .         Rampage  .   (gloves unavailable)
Will     .....                  (boots unavailable)
Stlth    +.........             i - amulet of reflection
HPRegen  1.19/turn              (no ring)
MPRegen  0.09/turn              (no ring)

@: mighty, lethally poisoned (-2 -> -3)
A: large, unfitting armour, claws 3, regeneration 1, shaggy fur 1, tough skin 1
a: no special abilities


You were on level 4 of the Dungeon.
You visited 1 branch of the dungeon, and saw 4 of its levels.

You collected 180 gold pieces.

Inventory:

Missiles
 d - a throwing net
 k - 3 poisoned darts (quivered)
 l - 3 boomerangs
Armour
 a - a +0 robe (worn)
 b - a +0 kite shield (worn)
Jewellery
 i - an amulet of reflection (around neck)
Wands
 h - a wand of iceblast (5)
Scrolls
 f - a scroll of identify
Potions
 e - 2 potions of attraction
 g - a potion of brilliance


   Skills:
 - Level 2.4 Fighting
 - Level 2.4 Dodging
 - Level 2.4 Shields
 + Level 7.3 Unarmed Combat


You had 5 spell levels left.
You didn't know any spells.
Your spell library contained the following spells:

 Spells                   Type           Power      Damage    Failure   Level
 Summon Small Mammal      Summ           0%         N/A       91%         1
 Call Canine Familiar     Summ           0%         N/A       100%        3
 Summon Guardian Golem    Hex/Summ       0%         N/A       100%        3


Dungeon Overview and Level Annotations

Branches:
Dungeon (4/15)
 Temple: D:4-7

Altars:


Innate Abilities, Weirdness & Mutations

You are too large for most types of armour.
You have claws for hands.
Your natural rate of healing is unusually fast.
You are covered in fur. (AC +1)
You have tough skin. (AC +1)


Message History

The killer bee stings you!
* * * LOW HITPOINT WARNING * * *
You are more poisoned.
The killer bee poisons you!
You barely miss the killer bee.
The killer bee is lightly wounded.
You feel very sick. The killer bee stings you!
* * * LOW HITPOINT WARNING * * *
You block the killer bee's attack.
You barely miss the killer bee.
The killer bee is lightly wounded.
You feel very sick. The killer bee stings you.
* * * LOW HITPOINT WARNING * * *
You block the killer bee's attack.
The killer bee stings you but does no damage.
You feel better. The killer bee stings you!
* * * LOW HITPOINT WARNING * * *
You are poisoned.
The killer bee poisons you! You block the killer bee's attack.
Okay, then.
You feel very mighty all of a sudden.
* * * LOW HITPOINT WARNING * * *
You feel very sick. You block the killer bee's attack.
The killer bee barely misses you.
You barely miss the killer bee.
The killer bee is lightly wounded.
You feel sick. You block the killer bee's attack. x2
Unknown command.
You closely miss the killer bee.
The killer bee is lightly wounded.
* * * LOW HITPOINT WARNING * * *
You feel sick. The killer bee completely misses you.
You block the killer bee's attack.
Unknown command.
You barely miss the killer bee.
The killer bee is lightly wounded.
You feel sick. You block the killer bee's attack. The killer bee stings you.
You die...

.............#..
................
##............ #.........#.#
##.........# ### #........##
#.# .......#y.# #.####
.##..y##y## ##...## ##y.. #@#
#....## #... ##.# ##....# .
##.. #..# ##....##
##.......##.####.# ##.##...#
#............#.#.####.#######
#.......##.......##...## ####
..#.....####....##..#..# ##..#
..#.....##.....##...##.###...#
.......##......#...####.###†##


You could see 2 killer bees.

Vanquished Creatures
  2 killer bees (D:4)
  A vampire bat (D:4)
  Ijyb (D:3)
  3 gnolls (D:3)
  5 adders
  A howler monkey skeleton (D:3)
  2 worms (D:3)
  3 dart slugs
  3 fire bats (D:4)
  17 orcs
  2 spectral bats (D:4)
  15 bats
  3 bat skeletons (D:4)
  A bat zombie (D:4)
  9 endoplasms
  12 giant cockroaches
  A goblin (D:1)
  5 hobgoblins
  9 jackals
  5 kobolds
  2 quokkas
  5 ball pythons
  A bat simulacrum (D:4)
  3 frilled lizards
  3 rats
114 creatures vanquished.

Notes
Turn   | Place    | Note
-------+----------+-------------------------------------------
     0 | D:1      | pkoi the Troll Fighter began the quest for the Orb.
     0 | D:1      | Reached XP level 1. HP: 22/22 MP: 0/0
    65 | D:1      | Reached XP level 2. HP: 29/29 MP: 1/1
   102 | D:1      | Reached skill level 3 in Unarmed Combat
   252 | D:1      | Reached XP level 3. HP: 33/36 MP: 2/2
   568 | D:2      | Reached skill level 4 in Unarmed Combat
   772 | D:2      | Reached XP level 4. HP: 44/44 MP: 3/3
  1214 | D:3      | Reached skill level 5 in Unarmed Combat
  1226 | D:3      | Reached XP level 5. HP: 42/50 MP: 4/4
  1383 | D:3      | Noticed Ijyb
  1389 | D:3      | Killed Ijyb
  1688 | D:4      | Reached skill level 6 in Unarmed Combat
  1792 | D:4      | Reached XP level 6. HP: 58/59 MP: 5/5
  1926 | D:4      | Reached skill level 7 in Unarmed Combat
  1938 | D:4      | HP: 2/59 [killer bee (2)]
  1943 | D:4      | HP: 2/59 [poisoned by a killer bee]
  1943 | D:4      | Slain by a killer bee

Illustrated notes

Levels and vault maps discovered:
D:1:      wander_arrival_abandoned_jail, layout_rooms, serial_park_tiny_2,
          minmay_worlds_worst_comb
D:2:      layout_basic
D:3:      layout_loops_ring, kennysheep_generic_room_12, uniq_ijyb
D:4:      kennysheep_goblin_castle, layout_cave_pools,
          regret_index_temple_of_mockery, goddamned_bats

Skill      XL: |  1  2  3  4  5  6 |
---------------+-------------------+-----
Unarmed Combat | 3 4 5 6 7 |  7.3
Fighting       | |  2.4
Dodging        | |  2.4
Shields        | |  2.4

Action                   |  1- 3 |  4- 6 || total
-------------------------+-------+-------++-------
Melee: Unarmed           |    91 |   198 ||   289
  Use: Scroll            |     5 |     2 ||     7
       Potion            |       |     4 ||     4
 Stab: Sleeping          |       |     1 ||     1
Armor: Robe              |    26 |    84 ||   110
Dodge: Dodged            |    23 |    77 ||   100
Block: Kite shield       |    31 |   153 ||   184
